 Dungeon Crawl Stone Soup version 0.31-a0-174-g85c54bcb58 (webtiles) character file.

Game seed: 8384772770604510659

145 qw the Shooter (level 5, -1/49 HPs)
             Began as a Naga Hunter on June 15, 2023.
             Slain by an orc wizard
             ... wielding a +0 dagger
              (2 damage)
             ... on level 3 of the Dungeon.
             The game lasted 00:00:40 (2558 turns).

qw the Shooter (Naga Hunter)                        Turns: 2558, Time: 00:00:41

Health: -1/49      AC:  9    Str: 19    XL:     5   Next: 27%
Magic:  5/5        EV:  7    Int:  9    God:
Gold:   188        SH:  0    Dex: 17    Spells: 4/4 levels left

rFire   . . .        Y - +0 shortbow
rCold   . . .        (shield currently unavailable)
rNeg    + . .        c - +0 leather armour
rPois   +            (no helmet)
rElec   .            f - +0 cloak
rCorr   .            a - +0 pair of gloves
SInv    +            b - +0 barding {Stlth+}
Will    .....        (no amulet)
Stlth   +++          h - ring "Juxtif" {rN+ Str+6}
HPRegen 0.28/turn    (no ring)
MPRegen 0.09/turn

%: no passive effects
@: short of breath, very slow
A: AC +1, large, see invisible, deformed body, poison resistance, slowness 2,
spit poison 1, naga tail 1
a: Spit Poison


You were on level 3 of the Dungeon.
You visited 1 branch of the dungeon, and saw 4 of its levels.

You collected 188 gold pieces.


Innate Abilities, Weirdness & Mutations

Your serpentine skin is tough. (AC +1)
You have supernaturally acute eyesight. (SInv)
Armour fits poorly on your strangely shaped body.
Your system is resistant to poisons. (rPois)
You cover ground very slowly.
You can spit poison.
You have a snake-like lower body.


   Skills:
 - Level 3.1 Fighting
 + Level 5.1 Ranged Weapons
 - Level 1.1 Armour
 - Level 1.5 Dodging
 - Level 1.5 Stealth


You had 4 spell levels left.
You didn't know any spells.
Your spell library was empty.

Inventory:

Hand Weapons
 Y - a +0 shortbow (weapon)
Armour
 a - a +0 pair of gloves (worn)
 b - a +0 barding of stealth (worn)
 c - a +0 leather armour (worn)
 f - a +0 cloak (worn)
Jewellery
 h - the ring "Juxtif" (left hand) {rN+ Str+6}
   (You found it on level 2 of the Dungeon)

   [ring of strength]

   Str:       It affects your strength (+6).
   rN:        It protects you from negative energy.
Scrolls
 g - a scroll of identify
Potions
 i - a potion of curing {unknown}

Dungeon Overview and Level Annotations

Branches:
Dungeon (4/15)
 Temple: D:4-7

Altars:
Xom


Message History

The orc wizard gestures at you while chanting.
The puff of flame misses you.
You shoot an arrow.
The arrow closely misses the orc wizard.
The orc hits you with a +0 club.
The orc wizard hits you with a +0 dagger.
The orc wizard casts a spell at you.
The magic dart hits you but does no damage.
You shoot an arrow.
The arrow closely misses the orc wizard.
You kill the orc wizard!
The orc hits you but does no damage.
The orc wizard hits you but does no damage.
Your Fighting skill increases to level 3!
You shoot an arrow. The arrow barely misses the orc wizard.
The orc barely misses you.
The orc wizard hits you with a +0 dagger.
You shoot an arrow.
The arrow closely misses the orc wizard.
The orc hits you with a +0 club.
The orc wizard hits you but does no damage.
You shoot an arrow. The arrow misses the orc wizard.
The orc hits you with a +0 club.
The orc wizard points at you and mumbles some strange words.
The magic dart hits you.
You shoot an arrow. The arrow misses the orc wizard.
You have got your breath back.
The orc hits you but does no damage. The orc wizard barely misses you.
2557 ||| INVOKING Spit Poison.
Aiming: Spit Poison (1% risk of failure)
Press: ? - help, Shift-Dir - straight line, f/p - orc wizard The splash of poison hits the orc wizard.
The orc wizard is lightly wounded.
The orc hits you but does no damage.
The orc wizard mumbles some strange words.
The orc wizard flickers and vanishes for a moment.
You shoot an arrow. The arrow barely misses the orc wizard.
The orc hits you with a +0 club.
The orc wizard hits you with a +0 dagger.
You die...

#.# #.#....#.#..#.# #.# #.#
#.#......#....# #.# #.#
#.#.######..### #.#####
#.#######.#......#..# #.#...#
#......##.#..###.#.[#####.#.#.#
######.##.#....#.#......#.#.#.###
# #.##.##.#.#.#.####.#.#.#....
######....##.#.#o#.# #.#.#.#####
...............)@#.# #.#<..# #
###.##########.#o#.# #.#.#######
###.# #.......#.#.# #..........
....# #.......#.#.######.#######
##### #.......#.#.##...#.# #
#####.###.#.##.#.#.# #######
#.....#.##.#.#.# #.....##
#######.#.##.....# #......#
#.......#.####.###


You could see an orc wizard (invisible) and an orc.

Vanquished Creatures
  3 orc wizards (D:3)
  3 adders (D:3)
  3 dart slugs
  3 orcs (D:3)
  4 ball pythons
  4 endoplasms
  2 giant cockroaches
  3 goblins (D:1)
  2 hobgoblins
  2 quokkas
  2 bats
  A frilled lizard (D:1)
  2 kobolds
  4 rats
38 creatures vanquished.

Notes
Turn   | Place    | Note
-------+----------+-------------------------------------------
     0 | D:1      | qw the Naga Hunter began the quest for the Orb.
     0 | D:1      | Reached XP level 1. HP: 19/19 MP: 1/1
     0 | D:1      | 0 ||| qw: Version: 0.2-a-29-g511e9b1
     0 | D:1      | 0 ||| qw: Game counter: 5441
     0 | D:1      | 0 ||| qw: Always use a shield: true
     0 | D:1      | 0 ||| qw: God list: Okawaru
     0 | D:1      | 0 ||| qw: Allow faded altars: false
     0 | D:1      | 0 ||| qw: Do Orc after D:15 true
     0 | D:1      | 0 ||| qw: Do second Lair branch before Depths: true
     0 | D:1      | 0 ||| qw: Lair rune preference: random
     0 | D:1      | 0 ||| qw: Plans: Normal
     0 | D:1      | 0 ||| PLANNING D:1-11
    21 | D:1      | 21 ||| INVOKING Spit Poison.
    30 | D:1      | 30 ||| INVOKING Spit Poison.
    58 | D:1      | Found a faded altar of an unknown god.
    59 | D:1      | 59 ||| INVOKING Spit Poison.
    61 | D:1      | Reached skill level 4 in Ranged Weapons
    61 | D:1      | Reached XP level 2. HP: 21/26 MP: 2/2
    99 | D:1      | 99 ||| INVOKING Spit Poison.
   139 | D:1      | 139 ||| INVOKING Spit Poison.
   143 | D:1      | 143 ||| INVOKING Spit Poison.
   239 | D:1      | 239 ||| INVOKING Spit Poison.
   244 | D:1      | 244 ||| INVOKING Spit Poison.
   383 | D:1      | 383 ||| INVOKING Spit Poison.
   437 | D:1      | 437 ||| INVOKING Spit Poison.
   734 | D:1      | 734 ||| READING scroll labelled LAKIXUAGE.
   735 | D:1      | 735 ||| READING scroll labelled XYRUDDUDAL.
   836 | D:1      | 836 ||| DROPPING scroll of butterflies.
   934 | D:2      | 934 ||| INVOKING Spit Poison.
  1058 | D:2      | 1058 ||| INVOKING Spit Poison.
  1223 | D:2      | 1223 ||| INVOKING Spit Poison.
  1224 | D:2      | 1224 ||| INVOKING Spit Poison.
  1225 | D:2      | Reached XP level 3. HP: 32/32 MP: 3/3
  1399 | D:2      | Identified the ring "Juxtif" {rN+ Str+6}
  1416 | D:2      | Found a shimmering altar of Xom.
  1436 | D:2      | 1436 ||| INVOKING Spit Poison.
  1437 | D:2      | 1437 ||| INVOKING Spit Poison.
  1440 | D:2      | 1440 ||| INVOKING Spit Poison.
  1445 | D:2      | 1445 ||| INVOKING Spit Poison.
  1670 | D:2      | 1670 ||| INVOKING Spit Poison.
  1681 | D:2      | 1681 ||| UPGRADING to +0 pair of gloves.
  1686 | D:2      | 1686 ||| DROPPING ring of wizardry.
  1687 | D:2      | 1687 ||| UPGRADING to ring "Juxtif" {rN+ Str+6}.
  1688 | D:2      | 1688 ||| READING scroll labelled KAASHR LIYLELA.
  1689 | D:2      | 1689 ||| READING scroll labelled VAIKAPH VYUT.
  1755 | D:3      | 1755 ||| INVOKING Spit Poison.
  1756 | D:3      | 1756 ||| INVOKING Spit Poison.
  1765 | D:3      | 1765 ||| INVOKING Spit Poison.
  1768 | D:3      | 1768 ||| INVOKING Spit Poison.
  1772 | D:3      | 1772 ||| INVOKING Spit Poison.
  1778 | D:3      | 1778 ||| INVOKING Spit Poison.
  1779 | D:3      | 1779 ||| INVOKING Spit Poison.
  1781 | D:3      | Reached skill level 5 in Ranged Weapons
  1781 | D:3      | Reached XP level 4. HP: 28/39 MP: 4/4
  1992 | D:3      | 1992 ||| INVOKING Spit Poison.
  1996 | D:3      | 1996 ||| INVOKING Spit Poison.
  1999 | D:3      | 1999 ||| INVOKING Spit Poison.
  2294 | D:3      | 2294 ||| INVOKING Spit Poison.
  2326 | D:3      | 2326 ||| INVOKING Spit Poison.
  2467 | D:3      | 2467 ||| UPGRADING to +0 cloak.
  2472 | D:3      | 2472 ||| READING scroll labelled ZIALYL MUT FAQ.
  2472 | D:3      | Identified a scroll of acquirement
  2472 | D:3      | 2472 ||| ACQUIRING +0 barding of stealth
  2472 | D:3      | Acquired a +0 barding of stealth
  2474 | D:3      | 2474 ||| UPGRADING to +0 barding of stealth.
  2479 | D:3      | 2479 ||| READING scroll labelled YFYRUYDDUD.
  2480 | D:3      | 2480 ||| READING 2 scrolls of identify.
  2480 | D:3      | 2480 ||| IDENTIFYING viscous orange potion
  2481 | D:3      | 2481 ||| DROPPING potion of enlightenment.
  2518 | D:4      | 2518 ||| INVOKING Spit Poison.
  2520 | D:4      | 2520 ||| STAIRDANCE
  2534 | D:4      | 2534 ||| STAIRDANCE
  2536 | D:4      | 2536 ||| STAIRDANCE
  2540 | D:4      | 2540 ||| STAIRDANCE
  2542 | D:3      | 2542 ||| INVOKING Spit Poison.
  2543 | D:3      | Reached skill level 1 in Armour
  2543 | D:3      | Reached XP level 5. HP: 25/46 MP: 5/5
  2550 | D:3      | 2550 ||| INVOKING Spit Poison.
  2551 | D:3      | HP: 11/46 [orc wizard/+0 dagger (2)]
  2553 | D:3      | Reached skill level 3 in Fighting
  2555 | D:3      | HP: 5/49 [orc wizard/magic dart (3)]
  2557 | D:3      | 2557 ||| INVOKING Spit Poison.
  2558 | D:3      | HP: 1/49 [orc/+0 club (4)]
  2558 | D:3      | Slain by an orc wizard

Levels and vault maps discovered:
D:1:      nzn_arrival_settlement, layout_basic,
          hellmonk_ecumenical_altar_run_dry, minmay_split_cup_small
D:2:      layout_loops_corners, basic_altar
D:3:      layout_basic
D:4:      layout_cave_pools, minitemple, minmay_temple_entry_arrows,
          uniq_menkaure, uniq_pikel, uniq_duvessa

Skill      XL: |  1  2  3  4  5 |
---------------+----------------+-----
Ranged Weapons | 4 5 |  5.1
Armour         | 1 |  1.1
Fighting       | 3 |  3.1
Dodging        | |  1.5
Stealth        | |  1.5

Action                     |  1- 3 |  4- 6 || total
---------------------------+-------+-------++-------
   Fire: Shortbow          |    52 |    32 ||    84
Ability: Spit Poison       |    22 |     9 ||    31
    Use: Scroll            |     4 |     3 ||     7
 Armour: Leather armour    |     6 |    30 ||    36
  Dodge: Dodged            |    17 |    21 ||    38

Table legend:
 A = Non-vault XP
 B = Vault XP
 C = Vault XP percentage of total XP
 D = Non-vault monster count
 E = Vault monster count
 F = Vault count percentage of total count
                 A         B        C        D         E       F
            +---------+---------+-------+---------+---------+-------
      Total |     203 |       5 |   2.4 |      35 |       3 |   7.9
            +---------+---------+-------+---------+---------+-------
        D:1 |      24 |       5 |  17.2 |      13 |       3 |  18.8
        D:2 |       8 |       0 |   0.0 |       5 |       0 |   0.0
        D:3 |     171 |       0 |   0.0 |      17 |       0 |   0.0
            +---------+---------+-------+---------+---------+-------
